 Dungeon Crawl Stone Soup version 0.31-a0-557-g6e16503903 (webtiles) character file.

Game seed: 9518807719051590099

11 ytrimaz the Ruffian (level 2, -3/18 HPs)
             Began as an Octopode Shapeshifter on Aug 16, 2023.
             Slain by Terence
             ... wielding a +0 trident
              (10 damage)
             ... on level 2 of the Dungeon.
             The game lasted 00:00:32 (676 turns).

ytrimaz the Ruffian (Octopode Shapeshifter)          Turns: 676, Time: 00:00:33

Health: -3/18      AC:  1    Str: 14    XL:     2   Next: 25%
Magic:  11/11      EV: 13    Int: 10    God:
Gold:   80         SH:  0    Dex: 12    Spells: 1/1 levels left

rFire   . .          .
                       - Unarmed
rCold   . . .        (no shield)
rNeg    . . .        (helmet currently unavailable)
rPois   .            (no amulet)
rElec   .            h - ring of magical power
rCorr   .            (no ring)
SInv    .            (no ring)
Will    .....        (no ring)
Stlth   ++           (no ring)
HPRegen 0.23/turn    (no ring)
MPRegen 0.12/turn    (no ring)
                     (no ring)

%: no passive effects
@: beast-form
A: beast (slay +2), almost no armour, amphibious, 8 rings, camouflage 1,
gelatinous body 1, (nimble swimmer 1), tentacles
a: Begin Untransformation


You were on level 2 of the Dungeon.
You were a hulking beast.
You visited 1 branch of the dungeon, and saw 2 of its levels.

You collected 80 gold pieces.


Innate Abilities, Weirdness & Mutations

You are a hulking beast.
Your limbs bulge with bestial killing power. (Slay +2)
You cannot wear most types of armour.
You are amphibious.
You can wear up to eight rings at the same time.
Your skin changes colour to match your surroundings (Stealth+).
Your rubbery body absorbs attacks. (AC +1, EV +1)
((You are camouflaged when in or above water. (Stealth+)))
You have tentacles for arms and can constrict up to eight enemies at once.


   Skills:
 - Level 1.0 Fighting
 - Level 2.0 Dodging
 + Level 0.6 Stealth
 + Level 3.3 Unarmed Combat
 + Level 3.2 Shapeshifting


You had one spell level left.
You didn't know any spells.
Your spell library contained the following spells:

 Spells                   Type           Power      Damage    Failure   Level
 Wereblood                Tmut           0%         N/A       50%         2
 Irradiate                Conj/Tmut      0%         3d11      100%        5

Inventory:

Missiles
 i - a throwing net
Jewellery
 h - a ring of magical power (left tentacle)
   (You found it on level 1 of the Dungeon)
Talismans
 b - a beast talisman (active)
 c - a flux talisman
Scrolls
 d - a scroll of enchant weapon {unknown}
Potions
 a - a potion of lignification
 e - a potion of haste {unknown}
 f - a potion of attraction {unknown}
 g - a potion of mutation {unknown}

Dungeon Overview and Level Annotations

Branches:
Dungeon (2/15) Zot: 11324

Altars:

Annotations:
D:2 Terence

. ##.. ... $
..###... .....
........ ......
.....##......
...........
#..#...... .
#.<....#
....###......#
.......h.....#
#.#...@.......>.
........#......#
#..##.###.....##
.. #. #.##.# .
## .. .# ..# .#


You could see Terence.


Message History

You tentacle-slap the ball python. You grab the ball python.
You constrict the ball python. The ball python barely misses you.
The ball python grabs you.
The ball python constricts you. 😕 HP[-1]
You take 1 damage, and now have 17/18 hp.
You tentacle-slap the ball python.
You kill the ball python!
No target in view! 😎 HP[+1]
Your hp is fully restored (18).
Unknown command.
No target in view!
You pick up a book of Changes and begin reading...
You add the spells Wereblood and Irradiate to your library.
Key pressed, stopping explore.
A ball python comes into view.
The ball python moves out of view.
You see here a +0 ring mail.
You see here 6 stones.
Key pressed, stopping explore.
No target in view!
A frilled lizard comes into view.
Found a stone staircase leading down.
A frilled lizard is nearby!
A frilled lizard is nearby!
A frilled lizard is nearby!
The frilled lizard hisses angrily.
You bludgeon the frilled lizard!
You kill the frilled lizard!
No target in view!
You see here a frilled lizard corpse.
Unknown command.
No target in view!
You now have 62 gold pieces (gained 13).
You see here a frilled lizard corpse.
Key pressed, stopping explore.
f - a blue potion You now have 70 gold pieces (gained 8).
g - a white potion Key pressed, stopping explore.
h - a ring of magical power You now have 80 gold pieces (gained 10).
i - a throwing net Key pressed, stopping explore.
Key pressed, stopping explore.
An endoplasm comes into view.
An endoplasm is nearby!
An endoplasm is nearby!
An endoplasm is nearby!
An endoplasm is nearby!
An endoplasm is nearby!
You feel your magic capacity increase.
h - a ring of magical power (left tentacle)
The endoplasm quivers.
The endoplasm freezes you.
You are frozen. 😕 HP[-3]
You take 3 damage, and now have 15/18 hp.
You tentacle-slap the endoplasm.
You kill the endoplasm!
Unknown command.
No target in view! 😕 MP[+1] Key pressed, stopping explore.
Key pressed, stopping explore.
You open the door.
There is an open door here.
There is an open door here.
Done exploring. 😎 HP[+3] MP[+8]
Your hp is fully restored (18).
Your mp is fully restored (11).
There is a stone staircase leading down here.
You climb downwards.
Terence shouts!
Found 11 gold pieces.
Found an escape hatch in the floor.
There is a stone staircase leading up here.
Unknown command.
Terence is nearby!
Terence closely misses you.
You barely miss Terence. You grab Terence. You tentacle-slap Terence.
You squeeze Terence!
You constrict Terence, but do no damage.
You tentacle-slap Terence but do no damage.
You squeeze Terence.
You constrict Terence, but do no damage.
Terence barely misses you.
You tentacle-slap Terence but do no damage.
You constrict Terence, but do no damage.
Terence hits you with a +0 trident!
Ouch! That really hurt!
* * * LOW HITPOINT WARNING * * *
😨 HP[-12]
You take 12 damage, and now have 6/18 hp.
MASSIVE DAMAGE!! (PAUSE)
You tentacle-slap Terence.
You constrict Terence, but do no damage.
Terence hits you with a +0 trident!
Ouch! That really hurt!
You die...

Action                     || total
---------------------------++-------
  Melee: Unarmed           ||    19
         Tentacles         ||     4
         Constrict         ||     3
         Punch             ||     1
   Stab: Sleeping          ||     1
 Armour: Skin              ||     1
  Dodge: Dodged            ||    12

Levels and vault maps discovered:
D:1:      elethiomel_arrival_infinity_welcomes_careful_drivers, layout_rooms
D:2:      layout_rooms, uniq_terence

Notes
Turn   | Place    | Note
-------+----------+-------------------------------------------
     0 | D:1      | ytrimaz the Octopode Shapeshifter began the quest for the
                  | Orb.
     0 | D:1      | Reached XP level 1. HP: 13/13 MP: 1/1
     0 | D:1      | magus.rc [v1.9.6]
   229 | D:1      | Reached XP level 2. HP: 18/18 MP: 2/2
   253 | D:1      | You pick up a book of Changes and begin reading...
   253 | D:1      | You add the spells Wereblood and Irradiate to your library.
   670 | D:2      | Noticed Terence
   676 | D:2      | Slain by Terence

Vanquished Creatures
  A ball python (D:1)
  A bat (D:1)
  2 endoplasms (D:1)
  A hobgoblin (D:1)
  A kobold (D:1)
  A quokka (D:1)
  A frilled lizard (D:1)
  A goblin (D:1)
9 creatures vanquished.

Table legend:
 A = Non-vault XP
 B = Vault XP
 C = Vault XP percentage of total XP
 D = Non-vault monster count
 E = Vault monster count
 F = Vault count percentage of total count
                 A         B        C        D         E       F
            +---------+---------+-------+---------+---------+-------
      Total |      16 |       0 |   0.0 |       9 |       0 |   0.0
            +---------+---------+-------+---------+---------+-------
        D:1 |      16 |       0 |   0.0 |       9 |       0 |   0.0
            +---------+---------+-------+---------+---------+-------

Action                     || total
---------------------------++-------
  Melee: Unarmed           ||    19
         Tentacles         ||     4
         Constrict         ||     3
         Punch             ||     1
   Stab: Sleeping          ||     1
 Armour: Skin              ||     1
  Dodge: Dodged            ||    12

Illustrated notes

Table legend:
 A = Kills in this place as a percentage of kills in the entire game.
 B = Kills by you in this place as a percentage of kills by you in the entire game.
 C = Kills by friends in this place as a percentage of kills by friends in the entire game.
 D = Other kills in this place as a percentage of other kills in the entire game.
 E = Experience gained in this place as a percentage of experience gained in the entire game.
 F = Experience gained in this place divided by the number of levels of this place that you have seen.
                   A       B       C       D       E      F
               +-------+-------+-------+-------+-------+----------------------
         Total | 100.0 | 100.0 |   N/A |   N/A | 100.0 |   8.0
       Dungeon | 100.0 | 100.0 |   N/A |   N/A | 100.0 |   8.0
               +-------+-------+-------+-------+-------+----------------------

Table legend: (Time is in decaauts)
 A = Elapsed time spent in this place.
 B = Non-inter-level travel time spent in this place.
 C = Inter-level travel time spent in this place.
 D = Time resting spent in this place.
 E = Time spent auto-exploring this place.
 F = Levels seen in this place.
 G = Mean time per level.
                   A        B        C        D        E       F      G
               +--------+--------+--------+--------+--------+-----+--------+
         Total |    674 |    640 |     34 |      0 |    555 |   2 |  337.0 |
       Dungeon |    674 |    640 |     34 |      0 |    555 |   2 |  337.0 |
               +--------+--------+--------+--------+--------+-----+--------+

Top non-repeatable levels by time:
     D:1: 668 daAuts
     D:2: 5 daAuts
